 Dungeon Crawl Stone Soup version 0.21.1-1-g345015f (webtiles) character file.

83 EuclidGuy the Magician (level 4, 0/41 HPs)
             Began as a Troll Wizard on July 6, 2018.
             Slain by a frilled lizard (3 damage)
             ... while paralysed by Grinder
             ... on level 3 of the Dungeon.
             The game lasted 00:18:23 (2100 turns).

EuclidGuy the Magician (Troll Wizard)               Turns: 2100, Time: 00:18:26

Health: 0/41       AC:  5    Str: 17    XL:     4   Next: 22%
Magic:  4/6        EV:  1    Int: 15    God:
Gold:   62         SH:  0    Dex: 13    Spells: 4/7 levels left

rFire    . . .     SeeInvis .     - Unarmed
rCold    . . .     Gourm    +   (no shield)
rNeg     . . .     Faith    .   q - +0 robe
rPois    .         Spirit   .   b - +0 hat
rElec    .         Reflect  .   (no cloak)
rCorr    .         Harm     .   (gloves unavailable)
MR       .....                  (boots unavailable)
Stlth    ++........             (no amulet)
HPRegen  0.53/turn              m - +5 ring of dexterity
MPRegen  0.10/turn              g - +2 ring of strength

@: paralysed, slowed
A: large, unfitting armour, claws 3, fast metabolism 3, gourmand, regeneration
1, shaggy fur 1, tough skin 2
a: no special abilities


You were on level 3 of the Dungeon.
You were not hungry.

You visited 1 branch of the dungeon, and saw 3 of its levels.

You collected 62 gold pieces.

Inventory:

Hand Weapons
 k - a +0 spear of flaming
 r - a +0 club
 x - a +0 trident
Missiles
 f - 36 bolts
 v - 17 poisoned needles
Armour
 a - a +0 robe
 b - a +0 hat (worn)
 q - a +0 robe (worn)
 s - a +0 shield
 u - a scarf of resistance
Jewellery
 g - a +2 ring of strength (right claw)
 m - a +5 ring of dexterity (left claw)
Scrolls
 j - 2 scrolls of magic mapping {unknown}
 l - 2 scrolls of remove curse {unknown}
 p - a scroll of random uselessness {unknown}
 t - 2 scrolls of enchant weapon {unknown}
 w - a scroll of identify
Potions
 e - a potion of haste {unknown}
 h - a potion of resistance {unknown}
 i - a potion of lignification {unknown}
 n - a potion of might {unknown}
 o - a potion of flight {unknown}
 z - a potion of curing {unknown}
Books
 c - a book of Minor Magic

   Spells                             Type                      Level
   a - Magic Dart                     Conjuration                  1
   b - Blink                          Translocation                2
   c - Call Imp                       Summoning                    2
   d - Slow                           Hexes                        2
   e - Conjure Flame                  Conjuration/Fire             3
   f - Mephitic Cloud                 Conjuration/Poison/Air       3
Comestibles
 d - 3 rations


   Skills:
 + Level 1.1 Fighting
 - Level 2.2 Dodging
 - Level 1.0 Stealth
 + Level 1.4 Unarmed Combat
 + Level 2.3 Spellcasting
 + Level 0.7 Conjurations
   Level 0.6 Summonings
 + Level 0.8 Translocations


You had 4 spell levels left.
You knew the following spells:

 Your Spells              Type           Power        Failure   Level  Hunger
a - Magic Dart            Conj           #...         16%         1    #......
b - Blink                 Tloc           N/A          22%         2    ###....


Dungeon Overview and Level Annotations

Branches:
Dungeon (3/15)

Altars:
Qazlal

Annotations:
D:3 Grinder, Natasha, Sigmund


Innate Abilities, Weirdness & Mutations

You are too large for most types of armour.
You have claws for hands.
Your metabolism is lightning-fast.
You like to eat raw meat.
Your natural rate of healing is unusually fast.
You are covered in fur. (AC +1)
You have very tough skin. (AC +2)


Message History

Natasha mumbles some strange words.
Natasha casts a spell.
The white imp gestures at you. The puff of frost hits you!
* * * LOW HITPOINT WARNING * * *
The shadow imp closely misses you. The white imp gestures at you.
The puff of frost hits you!
* * * LOW HITPOINT WARNING * * *
Natasha wildly gestures.
You feel disoriented. The shadow imp hits you.
* * * LOW HITPOINT WARNING * * *
Casting: Blink
Confirm with . or Enter, or press ? or * to list all spells.
You blink.
The bat barely misses you. Grinder barely misses you.
The frilled lizard closely misses you. Grinder gestures at you.
You suddenly lose the ability to move!
The frilled lizard bites you.
You die...

##### ##...##
#.###.###########
#5#..@l5.....5..#
#.#h#5#########.#
##b..## #.# ##5##
#.# #.# #.# #.#
#5# ..#
######l### ###
<......5..#
.######.#.#


You could see Grinder, Natasha, a white imp, a shadow imp, a bat and a frilled
lizard.

Vanquished Creatures
  Jessica (D:2)
  2 dart slugs
  5 orcs (D:3)
  4 bats
  8 hobgoblins
  5 jackals
  4 kobolds
  3 frilled lizards
  5 goblins
  7 rats
44 creatures vanquished.

Notes
Turn   | Place    | Note
-------+----------+-------------------------------------------
     0 | D:1      | EuclidGuy the Troll Wizard began the quest for the Orb.
     0 | D:1      | Reached XP level 1. HP: 16/16 MP: 2/2
    83 | D:1      | Reached XP level 2. HP: 8/24 MP: 4/4
   975 | D:2      | Learned a level 2 spell: Blink
  1010 | D:2      | Reached XP level 3. HP: 32/32 MP: 5/5
  1170 | D:2      | Noticed Jessica
  1174 | D:2      | Killed Jessica
  1174 | D:2      | Reached skill level 1 in Unarmed Combat
  1532 | D:2      | Reached skill level 1 in Fighting
  1785 | D:3      | Reached XP level 4. HP: 36/41 MP: 2/6
  1786 | D:3      | Noticed Sigmund
  1794 | D:3      | Found a stormy altar of Qazlal.
  2049 | D:3      | Noticed Grinder
  2049 | D:3      | Noticed Natasha
  2076 | D:3      | Paralysed by Grinder for 5 turns
  2099 | D:3      | HP: 2/41 [shadow imp[Natasha] (2)]
  2100 | D:3      | Paralysed by Grinder for 3 turns
  2100 | D:3      | Slain by a frilled lizard

Skill      XL: |  1  2  3 |
---------------+----------+-----
Dodging        | 2 |  2.2
Unarmed Combat | 1 |  1.4
Fighting       | 1 |  1.1
Stealth        | |  1.0
Spellcasting   | |  2.3
Conjurations   | |  0.7
Summonings     | |  0.6
Translocations | |  0.8

Action                   |  1- 3 |  4- 6 || total
-------------------------+-------+-------++-------
Melee: Unarmed           |   100 |    25 ||   125
 Cast: Magic Dart        |    15 |     6 ||    21
       Blink             |       |     2 ||     2
  Use: Scroll            |     2 |       ||     2
 Stab: Sleeping          |     1 |       ||     1
  Eat: Ration            |     3 |     1 ||     4
       Chunk             |     3 |       ||     3
Armor: Robe              |    57 |     9 ||    66
Dodge: Dodged            |    80 |    31 ||   111
